 Dungeon Crawl Stone Soup version 0.20.0-8-g6b59dc7 (webtiles) character file.

65376 Kriby the Severer (level 14, -2/143 HPs)
             Began as a Minotaur Berserker on May 30, 2017.
             Was a High Priest of Trog.
             Slain by a spriggan rider
             ... wielding a +0 spear
              (12 damage)
             ... on level 2 of the Swamp.
             The game lasted 00:22:54 (21955 turns).

Kriby the Severer (Minotaur Berserker)             Turns: 21955, Time: 00:22:55

Health: -2/143     AC: 28    Str: 31    XL:     14   Next: 75%
Magic:  13/13      EV: 13    Int: 11    God:    Trog [*****.]
Gold:   1200       SH:  5    Dex: 11    Spells: 13/13 levels left

rFire    . . .     SeeInvis .   J - +8 battleaxe (elec)
rCold    . . .     Gourm    .   (shield currently unavailable)
rNeg     + . .     Faith    .   e - +5 pearl dragon scales
rPois    +         Spirit   .   (helmet restricted)
rElec    .         Reflect  +   f - +0 cloak
rCorr    +         Harm     .   w - +0 pair of gloves
MR       +....                  y - +5 pair of boots of Objectivity {*Contam rCorr Int+2}
Stlth    ..........             U - +5 amulet of reflection
Regen    0.4/turn               T - ring of poison resistance
MPRegen  0.2/turn               t - +5 ring of strength

@: brilliant, berserk cooldown, very slightly contaminated, invisible
A: retaliatory headbutt, horns 2
a: Berserk, Trog's Hand, Brothers in Arms, Burn Spellbooks, Renounce Religion


You were on level 2 of the Swamp.
You worshipped Trog.
Trog was extremely pleased with you.
You were near starving.

You visited 3 branches of the dungeon, and saw 17 of its levels.

You collected 1200 gold pieces.

Inventory:

Hand Weapons
 v - a +2 battleaxe of freezing
 F - the +9 battleaxe of Neurosis {venom, *Rage +Fly rF++ Int+3}
   (Trog gifted it to you on level 1 of the Swamp)

   It poisons the flesh of those it strikes.
   It affects your intelligence (+3).
   It greatly protects you from fire.
   It lets you fly.
   It may make you go berserk in combat.
 J - a +8 battleaxe of electrocution (weapon)
 K - a +1 broad axe of chopping
 Y - a +1 vampiric war axe
Armour
 e - +5 pearl dragon scales (worn)
 f - a +0 cloak (worn)
 j - the +4 shield "Lulutt" {rElec}
   (You took it off an orc on level 7 of the Dungeon)

   It insulates you from electricity.
 s - +0 steam dragon scales
 w - a +0 pair of gloves (worn)
 y - the +5 pair of boots of Objectivity (worn) {*Contam rCorr Int+2}
   (You acquired it on level 6 of the Lair of Beasts)

   It affects your intelligence (+2).
   It causes magical contamination when unequipped.
   It protects you from acid and corrosion.
Jewellery
 d - the ring of Qaosaiz {rPois rC- MR+ Int+2 Stlth+}
   (You found it on level 6 of the Lair of Beasts)

   [ring of protection from magic]

   It affects your intelligence (+2).
   It makes you vulnerable to cold.
   It protects you from poison.
   It affects your resistance to hostile enchantments.
   It makes you more stealthy.
 t - a +5 ring of strength (right hand)
 L - an uncursed ring of protection from fire
 T - a ring of poison resistance (left hand)
 U - a +5 amulet of reflection (around neck)
 V - an uncursed ring of protection from fire
Wands
 b - a wand of digging (10/24)
 B - a wand of confusion (23/48)
 H - a wand of acid (5/15)
 I - a wand of lightning (7/15)
 N - a wand of lightning (1/15)
 W - a wand of lightning (8/15)
 Z - a wand of acid (4/15)
Scrolls
 g - 6 scrolls of identify
 h - 2 scrolls of blinking
 i - 5 scrolls of fog
 n - 2 scrolls of fear
 p - 10 scrolls of teleportation
 r - a scroll of recharging
 x - a scroll of enchant weapon
 R - 2 scrolls of magic mapping
 S - 2 scrolls of remove curse
Potions
 a - 3 potions of flight
 k - a potion of invisibility
 l - 6 potions of curing
 u - a potion of cancellation {unknown}
 z - a potion of agility {unknown}
 A - a potion of mutation {unknown}
 D - 2 potions of degeneration {unknown}
 G - 3 potions of lignification {unknown}
 M - a potion of haste
 O - 2 potions of might {unknown}
 Q - 4 potions of heal wounds
Comestibles
 c - 10 bread rations
 m - 8 royal jellies
 o - 14 meat rations
 E - 9 fruits


   Skills:
 + Level 18.2 Fighting
 - Level 20.7 Axes
 * Level 9.3 Armour
 + Level 5.9 Dodging


You had 13 spell levels left.
You didn't know any spells.

Dungeon Overview and Level Annotations

Branches:
Dungeon (9/15)             Temple (0/1) D:6            Lair (6/6) D:9
  Swamp (2/4) Lair:3       Spider (0/4) Lair:4        Slime (0/5) Lair:5
    Orc: D:9-12

Altars:
Cheibriados
Okawaru
Sif Muna
Yredelemnul
The Shining One

Shops:
D:4 [

Annotations:
Lair:5 exclusion: oklob plant


Innate Abilities, Weirdness & Mutations

You reflexively headbutt those who attack you in melee.
You have a pair of horns on your head.


Message History

You block the spriggan rider's attack.
The spriggan rider hits you but does no damage.
The spriggan rider completely misses you.
You block the spriggan rider's attack.
The spriggan rider hits you but does no damage. x2
The spriggan rider closely misses you. x2
The spriggan rider hits you but does no damage. x2
You miss the spriggan rider.
The spriggan rider is heavily wounded.
The spriggan rider barely misses you.
The spriggan rider hits you from afar with a spear!
* * * LOW HITPOINT WARNING * * *
The spriggan rider hits you but does no damage.
You feel clever all of a sudden.
You feel yourself speed up.
The spriggan rider hits you but does no damage. x3
You feel much better.
The spriggan rider hits you from afar with a spear!
* * * LOW HITPOINT WARNING * * *
The spriggan rider hits you from afar with a spear!
You die...

♣≈≈♣ ♣.≈≈.♣ ♣ ≈≈.♣
♣.≈.♣♣ ♣ ♣≈≈♣♣
♣.♣≈≈♣♣♣♣ ≈≈§♣
♣♣..≈≈.♣.. ♣≈≈♣
♣.)♣...... ♣≈≈♣
♣..♣.###.# ♣≈i♣
♣..♣.#...# ♣ii♣♣
♣♣♣≈≈§.#...#
♣§≈@♣♣♣♣♣.≈≈≈..#....
♣♣≈≈♣♣....≈.≈..#...♣
♣♣≈≈♣♣≈≈≈≈≈≈≈≈/).≈≈≈
♣♣≈≈≈♣♣♣≈≈....≈.#≈≈≈#
♣≈≈≈.♣≈≈≈..♣♣.≈.≈≈♣≈.
♣≈≈≈♣♣.♣♣♣♣♣♣...#..≈♣
♣§≈.♣♣≈♣ ♣♣.[♣.≈.≈
♣♣†♣♣♣.♣ ♣♣.≈.≈≈≈ ♣≈♣
♣≈♣♣ ♣.≈..§≈


You could see 3 spriggan riders.

Vanquished Creatures
  A thorn hunter (Swamp:2)
  A very ugly thing (Swamp:1)
  The ghost of Kriby the Severer, a journeyman MiBe of Trog (Lair:5)
  6 dire elephants (Lair:6)
  The ghost of Minion the Cleaver, a journeyman DDBe of Trog (Lair:3)
  6 hydras
  A ghost crab (Swamp:2)
  An anaconda (Lair:6)
  A two-headed ogre (D:8)
  11 death yaks
  The ghost of loom the Magician, a novice DrCj of Vehumet (D:8)
  A spriggan druid (Swamp:2)
  Pikel (D:6)
  An ugly thing (Swamp:2)
  4 elephants (Lair:6)
  2 black mambas
  Joseph (D:7)
  17 spiny frogs
  A gargoyle (D:8)
  4 rime drakes
  7 komodo dragons
  3 hornets (Swamp:2)
  2 polar bears
  11 tyrant leeches
  3 bog bodies
  Prince Ribbit (D:6)
  20 blink frogs
  7 slime creatures (Swamp:2)
  6 hippogriffs
  3 spriggans (Swamp:2)
  A shadow (Swamp:1)
  42 yaks
  A tarantella (Lair:4)
  A wyvern (Lair:6)
  4 hogs (D:7)
  A human (D:7)
  A steam dragon (D:7)
  2 basilisks
  A hungry ghost (D:7)
  6 vampire mosquitoes
  Menkaure (D:7)
  13 swamp worms
  5 insubstantial wisps (Swamp:2)
  11 water moccasins
  8 porcupines
  5 swamp drakes
  3 orc warriors
  10 ice beasts
  2 sky beasts (D:9)
  3 slaves (D:6)
  3 phantoms
  6 wolves (Lair:6)
  4 ogres
  3 centaurs
  12 crocodiles
  9 bullfrogs
  5 scorpions
  A jelly (D:7)
  A wyvern skeleton (D:8)
  6 killer bees (D:8)
  A howler monkey (D:4)
  An electric eel (Lair:1)
  A crimson imp (D:8)
  2 bullfrog zombies (D:8)
  5 orc priests
  A centaur skeleton (D:5)
  6 hounds
  2 bullfrog skeletons
  Terence (D:3)
  An iguana (D:4)
  7 orc wizards
  7 worker ants
  2 hound skeletons
  4 worker ant zombies
  6 gnolls
  10 adders
  4 shadow imps
  3 adder skeletons
  4 worms
  A dart slug (D:3)
  2 leopard geckos
  30 orcs
  4 ball pythons
  7 bats
  6 giant cockroaches
  8 goblins
  8 hobgoblins
  4 jackals (D:4)
  5 quokkas
  A frilled lizard (D:2)
  A jackal skeleton (D:4)
  4 kobolds (D:3)
  3 quokka skeletons
  8 rats
  3 fungi
  3 plants (Lair:6)
463 creatures vanquished.

Vanquished Creatures (collateral kills)
  Rupert (Lair:4)
1 creature vanquished.

Vanquished Creatures (others)
  An insubstantial wisp (Swamp:2)
  An orc wizard (D:4)
  An orc (D:6)
  5 fungi
  7 plants
15 creatures vanquished.

Grand Total: 479 creatures vanquished

Notes
Turn   | Place    | Note
-------+----------+-------------------------------------------
     0 | D:1      | Kriby the Minotaur Berserker began the quest for the Orb.
     0 | D:1      | Reached XP level 1. HP: 19/19 MP: 0/0
   120 | D:1      | Reached skill level 4 in Axes
   210 | D:1      | Reached XP level 2. HP: 21/27 MP: 1/1
   577 | D:2      | Found a deep blue altar of Sif Muna.
   749 | D:2      | Reached XP level 3. HP: 16/33 MP: 2/2
  1091 | D:2      | Found an iron altar of Okawaru.
  1268 | D:2      | Reached skill level 5 in Axes
  1327 | D:2      | Reached ** piety under Trog
  1669 | D:3      | Reached XP level 4. HP: 30/41 MP: 3/3
  1786 | D:3      | Noticed Terence
  1803 | D:3      | Killed Terence
  2098 | D:3      | Reached skill level 5 in Fighting
  2098 | D:3      | Reached skill level 6 in Axes
  2098 | D:3      | Reached XP level 5. HP: 7/48 MP: 4/4
  2555 | D:3      | Found a snail-covered altar of Cheibriados.
  2986 | D:4      | Found Houj's Armour Shoppe.
  3255 | D:4      | Reached XP level 6. HP: 58/58 MP: 5/5
  4208 | D:4      | Reached XP level 7. HP: 15/68 MP: 6/6
  4780 | D:5      | Entered Level 5 of the Dungeon
  5090 | D:5      | Found a basalt altar of Yredelemnul.
  5240 | D:5      | Found a glowing golden altar of the Shining One.
  5781 | D:6      | Noticed Prince Ribbit
  5788 | D:6      | Killed Prince Ribbit
  5788 | D:6      | Reached *** piety under Trog
  5788 | D:6      | Reached skill level 10 in Fighting
  5975 | D:6      | Found a glowing golden altar of the Shining One.
  6022 | D:6      | Found a staircase to the Ecumenical Temple.
  6065 | D:6      | Reached XP level 8. HP: 68/80 MP: 7/7
  6538 | D:6      | Noticed Pikel
  6552 | D:6      | Killed Pikel
  6552 | D:6      | Reached skill level 8 in Axes
  6890 | D:7      | Reached skill level 9 in Axes
  6905 | D:7      | Reached XP level 9. HP: 89/89 MP: 8/8
  6915 | D:7      | Got a crude shield
  6936 | D:7      | Identified the +4 shield "Lulutt" {rElec} (You took it off an orc on level 7 of the Dungeon)
  7162 | D:7      | Noticed Joseph
  7174 | D:7      | Killed Joseph
  7174 | D:7      | Reached skill level 10 in Axes
  7508 | D:7      | Reached skill level 11 in Axes
  7509 | D:7      | Reached **** piety under Trog
  7580 | D:7      | Noticed Menkaure
  7588 | D:7      | Killed Menkaure
  7946 | D:7      | Reached skill level 12 in Axes
  7984 | D:7      | Reached XP level 10. HP: 100/100 MP: 9/9
  8253 | D:8      | Noticed a gargoyle
  8256 | D:8      | Killed a gargoyle
  8581 | D:8      | Noticed loom's ghost (novice DrCj)
  8593 | D:8      | Killed loom's ghost
  8593 | D:8      | Reached skill level 13 in Axes
  8844 | D:8      | Noticed a two-headed ogre
  8852 | D:8      | Killed a two-headed ogre
  8973 | D:8      | Reached ***** piety under Trog
  9098 | D:8      | Reached skill level 14 in Axes
  9505 | D:9      | Found a staircase to the Lair.
  9572 | D:9      | Reached XP level 11. HP: 61/108 MP: 10/10
 10291 | Lair:1   | Entered Level 1 of the Lair of Beasts
 10309 | Lair:1   | Received a gift from Trog
 10841 | Lair:1   | Reached skill level 15 in Axes
 12471 | Lair:2   | Reached skill level 16 in Axes
 13464 | Lair:3   | Found an iron altar of Okawaru.
 13476 | Lair:3   | Noticed Minion's ghost (journeyman DDBe)
 13496 | Lair:3   | Killed Minion's ghost
 13496 | Lair:3   | Reached skill level 15 in Fighting
 13496 | Lair:3   | Reached XP level 12. HP: 110/119 MP: 11/11
 13646 | Lair:3   | Noticed a death yak
 13647 | Lair:3   | Noticed a death yak
 13647 | Lair:3   | Noticed a death yak
 13647 | Lair:3   | Noticed a death yak
 13649 | Lair:3   | Noticed a death yak
 13653 | Lair:3   | Killed a death yak
 13654 | Lair:3   | Killed a death yak
 13654 | Lair:3   | Reached skill level 17 in Axes
 13655 | Lair:3   | Killed a death yak
 13659 | Lair:3   | Killed a death yak
 13661 | Lair:3   | Killed a death yak
 13969 | Lair:3   | Received a gift from Trog
 14265 | Lair:3   | Found a staircase to the Swamp.
 14572 | Lair:4   | Noticed Rupert
 14573 | Lair:4   | Paralysed by Rupert for 3 turns
 14581 | Lair:4   | Killed Rupert
 14581 | Lair:4   | Reached skill level 18 in Axes
 14751 | Lair:4   | Noticed a five-headed hydra
 14757 | Lair:4   | Killed a nine-headed hydra
 15287 | Lair:4   | Found a hole to the Spider Nest.
 15707 | Lair:4   | Noticed a six-headed hydra
 15714 | Lair:4   | Killed a nine-headed hydra
 16245 | Lair:5   | Reached XP level 13. HP: 129/129 MP: 12/12
 16396 | Lair:5   | Reached skill level 19 in Axes
 16438 | Lair:5   | Noticed Kriby's ghost (journeyman MiBe)
 16452 | Lair:5   | Killed Kriby's ghost
 17049 | Lair:5   | Found a staircase to the Slime Pits.
 17059 | Lair:6   | Entered Level 6 of the Lair of Beasts
 17480 | Lair:6   | Received a gift from Trog
 18284 | Lair:6   | Reached skill level 20 in Axes
 18598 | Lair:6   | Noticed a dire elephant
 18607 | Lair:6   | Killed a dire elephant
 18685 | Lair:6   | Noticed a dire elephant
 18690 | Lair:6   | Killed a dire elephant
 18776 | Lair:6   | Noticed a dire elephant
 18776 | Lair:6   | Noticed a dire elephant
 18786 | Lair:6   | Killed a dire elephant
 18788 | Lair:6   | Killed a dire elephant
 18788 | Lair:6   | Reached XP level 14. HP: 140/140 MP: 13/13
 18836 | Lair:6   | Got a scintillating brass ring
 18843 | Lair:6   | Identified the ring of Qaosaiz {rPois rC- MR+ Int+2 Stlth+} (You found it on level 6 of the Lair of Beasts)
 18934 | Lair:6   | Identified a scroll of acquirement
 18935 | Lair:6   | Got a pair of fine boots
 18936 | Lair:6   | Identified the +5 pair of boots of Objectivity {*Contam rCorr Int+2} (You acquired it on level 6 of the Lair of Beasts)
 19309 | Swamp:1  | Entered Level 1 of the Swamp
 19438 | Swamp:1  | Received a gift from Trog
 19439 | Swamp:1  | Got an ichor-stained battleaxe {god gift}
 19440 | Swamp:1  | Identified the +9 battleaxe of Neurosis {venom, *Rage +Fly rF++ Int+3} (Trog gifted it to you on level 1 of the Swamp)
 19960 | Swamp:1  | Reached skill level 5 in Armour
 20267 | Swamp:1  | Noticed a cyan very ugly thing
 20278 | Swamp:1  | Killed a cyan very ugly thing
 20582 | Swamp:2  | Noticed a thorn hunter
 20595 | Swamp:2  | Killed a thorn hunter
 20979 | Swamp:2  | Reached skill level 5 in Dodging
 21344 | Swamp:2  | Received a gift from Trog
 21953 | Swamp:2  | HP: 7/143 [spriggan rider/spear (15)]
 21955 | Swamp:2  | Slain by a spriggan rider

Skill      XL: |  1  2  3  4  5  6  7  8  9 10 11 12 13 14 |
---------------+-------------------------------------------+-----
Axes           | 4 5 6 9 12 14 16 18 20 | 20.7
Fighting       | 4 5 6 8 10 11 12 13 15 16 17 18 | 18.2
Armour         | 9 |  9.3
Dodging        | 5 |  5.9

Action                   |  1- 3 |  4- 6 |  7- 9 | 10-12 | 13-15 || total
-------------------------+-------+-------+-------+-------+-------++-------
Melee: Hand axe          |    84 |    46 |       |       |       ||   130
       Headbutt          |     9 |    21 |    40 |    49 |   101 ||   220
       Halberd           |       |    85 |   111 |       |       ||   196
       Battleaxe         |       |       |    76 |   327 |   409 ||   812
Invok: Berserk           |       |     3 |     6 |    10 |     8 ||    27
       Brothers in Arms  |       |       |       |     2 |       ||     2
       Trog's Hand       |       |       |       |     1 |     1 ||     2
       Burn Spellbooks   |       |       |       |       |     2 ||     2
  Use: Scroll            |       |     9 |     2 |     6 |    10 ||    27
       Potion            |       |       |     7 |       |     5 ||    12
 Stab: Distracted        |       |       |     1 |       |       ||     1
  Eat: Chunk             |     2 |    10 |    32 |    36 |    21 ||   101
       Royal jelly       |       |       |     1 |       |     1 ||     2
       Fruit             |       |       |       |       |     1 ||     1
Armor: Animal skin       |    11 |     1 |       |       |       ||    12
       Chain mail        |       |    38 |    26 |       |       ||    64
       Plate armour      |       |       |    37 |   113 |    38 ||   188
       Steam dragon scal |       |       |    12 |    28 |       ||    40
       Pearl dragon scal |       |       |       |       |   128 ||   128
Dodge: Dodged            |    56 |    62 |    78 |   125 |   133 ||   454
Block: Other             |       |       |       |    13 |    65 ||    78
